[Event "Titled Tuesday Blitz April 25 Early 2023"]
[White "Bacallao Alonso, Yusnel"]
[Black "KRUMMEL2008"]
[WhiteFideId "3507416"]
[WhiteElo "2561"]
[BlackElo "2651"]
[Result "0-1"]
[Round "08"]
[TimeControl "180+2"]
[Date "2023.04.25"]
[WhiteClock "0:00:01"]
[BlackClock "0:00:06"]

1. d4 Nf6 2. Nf3 g6 3. Bf4 Bg7 4. e3 O-O 5. h3 d6 6. Be2 Nbd7 7. O-O b6 8. c4 Bb7 9. Nfd2 e5 10. Bh2 Qe7 11. Nc3 Rfe8 12. Bf3 Bxf3 13. Nxf3 exd4 14. exd4 Ne4 15. Nd5 Qd8 16. Re1 Ndf6 17. Ne3 Qd7 18. Qb3 c6 19. Rac1 Rac8 20. Rcd1 Re7 21. Qa4 Rce8 22. Kf1 Bh6 23. Nc2 Bg7 24. Nb4 c5 25. Qxd7 Rxd7 26. dxc5 dxc5 27. Rxd7 Nxd7 28. Nd5 Bxb2 29. Nc7 Rc8 30. Nb5 Nef6 31. Nxa7 Ra8 32. Nc6 Rxa2 33. Bd6 Ra1 34. Rxa1 Bxa1 35. Ke2 Ne4 36. Bf4 Nc3+ 37. Kd3 b5 38. cxb5 Nxb5 39. Kc4 Nd4 0-1


[Site "https://www.chess.com"]

[Event "Titled Tuesday Blitz April 25 Early 2023"]
[White "Ezat, Mohamed"]
[Black "Vakhlamov, Igor L."]
[WhiteFideId "10600906"]
[BlackFideId "24126748"]
[WhiteElo "2386"]
[BlackElo "2400"]
[Result "1-0"]
[Round "08"]
[TimeControl "180+2"]
[Date "2023.04.25"]
[WhiteClock "0:00:09"]
[BlackClock "0:00:01"]

1. d4 e6 2. c4 Bb4+ 3. Bd2 Bxd2+ 4. Qxd2 Nf6 5. Nc3 O-O 6. e4 d5 7. e5 Ne4 8. Nxe4 dxe4 9. Ne2 c5 10. d5 Nd7 11. dxe6 Nxe5 12. exf7+ Kxf7 13. Qxd8 Rxd8 14. Nc3 Bf5 15. Be2 Nd3+ 16. Bxd3 Rxd3 17. Rd1 Rad8 18. Rxd3 Rxd3 19. Ke2 Ke6 20. h3 Ke5 21. Rd1 Rxd1 22. Kxd1 Kd4 23. Nb5+ Kd3 24. Nd6 Be6 25. Nxb7 Kxc4 26. Kd2 Bd5 27. Nd6+ Kb4 28. a3+ Kb3 29. Kc1 e3 30. fxe3 Bxg2 31. h4 c4 32. Nb5 h6 33. Nd4+ Ka4 34. Nf5 g5 35. h5 Bf3 36. Ng3 Kb3 37. e4 c3 38. bxc3 Kxc3 39. e5 Bd5 40. Nf5 g4 41. Kd1 Kd3 42. Nxh6 g3 43. Ke1 Ke4 44. Ng4 Kf3 45. h6 g2 46. Nh2+ Kg3 47. Nf1+ Kh3 48. Kf2 Bc4 49. Ne3 Bg8 50. Nxg2 Kg4 51. e6 Bxe6 52. h7 1-0


[Site "https://www.chess.com"]

[Event "Titled Tuesday Blitz April 25 Early 2023"]
[White "Rozen, Eytan"]
[Black "Martinez Ramirez, Lennis"]
[WhiteFideId "2816750"]
[BlackFideId "3509079"]
[WhiteElo "2451"]
[BlackElo "2410"]
[Result "1-0"]
[Round "08"]
[TimeControl "180+2"]
[Date "2023.04.25"]
[WhiteClock "0:00:03"]
[BlackClock "0:00:02"]

1. e4 c5 2. Nf3 Nc6 3. Nc3 d6 4. d4 cxd4 5. Nxd4 Nf6 6. Bc4 e6 7. Be3 Be7 8. Qe2 Na5 9. Bd3 O-O 10. f4 e5 11. Nf5 Bxf5 12. exf5 exf4 13. Bxf4 d5 14. O-O Re8 15. Kh1 Rc8 16. Qf3 Nc4 17. Bxc4 Rxc4 18. Rad1 d4 19. Qxb7 Qb6 20. Qxb6 axb6 21. Nb5 Rxc2 22. Rxd4 Rxb2 23. Nd6 Ra8 24. a4 Ra2 25. Rc1 h5 26. h3 R2xa4 27. Rxa4 Rxa4 28. Rc8+ Bf8 29. Be3 Ra1+ 30. Kh2 Nd7 31. Rd8 Ra7 32. Nb5 Rb7 33. Bf4 Kh7 34. g4 hxg4 35. hxg4 Bc5 36. g5 g6 37. f6 Nf8 38. Bd6 Ne6 39. Re8 Nxg5 40. Re7 1-0


[Site "https://www.chess.com"]

[Event "Titled Tuesday Blitz April 25 Early 2023"]
[White "Atakishiyev, Elmar"]
[Black "feuervogel1000000"]
[WhiteFideId "13410547"]
[WhiteElo "2239"]
[BlackElo "2449"]
[Result "1-0"]
[Round "08"]
[TimeControl "180+2"]
[Date "2023.04.25"]
[WhiteClock "0:01:09"]
[BlackClock "0:00:46"]

1. c4 e5 2. Nc3 Nf6 3. Nf3 Nc6 4. g3 d5 5. cxd5 Nxd5 6. Bg2 Nb6 7. O-O Be7 8. d3 O-O 9. Be3 Be6 10. Rc1 f6 11. a3 Qd7 12. Ne4 Nd5 13. Bc5 b6 14. Bxe7 Ncxe7 15. d4 exd4 16. Nxd4 Bf7 17. b4 Rad8 18. e3 Rfe8 19. Qc2 Bg6 20. Qb2 h5 21. h4 Qg4 22. Bf3 Qd7 23. Rfd1 Nf5 24. b5 Nxd4 25. Rxd4 Qf5 26. Bg2 Bf7 27. Rcd1 Qe5 28. Qc2 Rd7 29. Bh3 f5 30. Ng5 g6 31. Nxf7 Kxf7 32. Bg2 Red8 33. Qc4 Ke6 34. e4 1-0


[Site "https://www.chess.com"]

[Event "Titled Tuesday Blitz April 25 Early 2023"]
[White "Grigoriants, Sergey"]
[Black "Gontcharov, Vladislav"]
[WhiteFideId "4130804"]
[BlackFideId "4123492"]
[WhiteElo "2502"]
[BlackElo "2420"]
[Result "1-0"]
[Round "08"]
[TimeControl "180+2"]
[Date "2023.04.25"]
[WhiteClock "0:00:10"]
[BlackClock "0:00:01"]

1. d4 Nf6 2. c4 c5 3. d5 e6 4. Nc3 exd5 5. cxd5 d6 6. Nf3 g6 7. h3 Bg7 8. Bf4 O-O 9. e3 a6 10. a4 Qe7 11. Nd2 Ne8 12. Be2 Nd7 13. O-O Rb8 14. Rb1 f5 15. Qc2 Ne5 16. b4 Bd7 17. bxc5 dxc5 18. Bxa6 Nd6 19. Bb5 g5 20. Bxe5 Bxe5 21. Bxd7 Qxd7 22. Nb5 Nf7 23. Rbd1 Qxd5 24. Nb3 Qc6 25. Qxc5 Ra8 26. N5d4 Qf6 27. Qb5 b6 28. Rc1 Rfc8 29. Rc6 Rxc6 30. Nxc6 Kg7 31. Nbd4 Bxd4 32. Nxd4 Ra5 33. Qd7 f4 34. e4 Kg6 35. Nf5 Re5 36. f3 Qe6 37. Qb7 Rc5 38. Rd1 Kf6 39. Qb8 Qc6 40. Kh2 Rc2 41. Nd4 1-0


[Site "https://www.chess.com"]

[Event "Titled Tuesday Blitz April 25 Early 2023"]
[White "Gukesh D"]
[Black "Nevednichy, Vladislav"]
[WhiteFideId "46616543"]
[BlackFideId "1205730"]
[WhiteElo "2612"]
[BlackElo "2370"]
[Result "1-0"]
[Round "08"]
[TimeControl "180+2"]
[Date "2023.04.25"]
[WhiteClock "0:00:09"]
[BlackClock "0:00:35"]

1. d4 Nf6 2. c4 g6 3. Nc3 Bg7 4. e4 d6 5. Nf3 O-O 6. Be2 e5 7. O-O h6 8. Re1 Re8 9. d5 a5 10. a3 Nh7 11. Rb1 f5 12. b4 Na6 13. Bd3 f4 14. c5 g5 15. c6 g4 16. Nd2 Ng5 17. cxb7 Bxb7 18. Qxg4 Bc8 19. Qh5 Kh8 20. Nf3 Nxf3+ 21. gxf3 axb4 22. axb4 Qg5+ 23. Qxg5 hxg5 24. Be2 Rb8 25. Ba3 Bf6 26. b5 Nc5 27. Bxc5 dxc5 28. Na4 Be7 29. Rec1 Rg8 30. Nxc5 Bd6 31. Na6 Rb7 32. Kf1 Kg7 33. b6 Rxb6 34. Rxb6 cxb6 35. Rc6 Ba3 36. Rxb6 Rh8 37. Kg1 Rh6 38. Rxh6 Kxh6 39. Nb8 Kg7 40. Nc6 Kf6 41. Na5 Bc5 42. Bb5 Bd6 43. Nc4 Bb8 44. Nb6 Bh3 45. Bd7 Ba7 46. Nc8 Bxd7 47. Nxa7 Ke7 48. Kg2 Kd6 49. Nc6 Be8 50. Na5 Bb5 51. Nb7+ Kc7 52. Nc5 Kd6 53. Ne6 Bd7 54. Nxg5 Ke7 55. h4 Kf6 56. Ne6 Kg6 57. Nc5 Bb5 58. d6 Kf6 59. h5 Bc4 60. h6 Bg8 61. d7 Ke7 62. Kh3 Bh7 63. Kg4 Kd8 64. Kg5 Bg8 65. Kg6 Ke7 66. Kg7 Bh7 67. Kxh7 Kf7 68. Nd3 Ke7 69. Nxe5 Kf6 70. d8=Q+ Kxe5 71. Qe7+ Kd4 72. Qd6+ Kc3 73. Kg6 Kc2 74. h7 Kc1 75. h8=Q 1-0


[Site "https://www.chess.com"]

[Event "Titled Tuesday Blitz April 25 Early 2023"]
[White "Timofeev, Artyom"]
[Black "Aaditya Dhingra"]
[WhiteFideId "4140419"]
[BlackFideId "25678191"]
[WhiteElo "2586"]
[BlackElo "2083"]
[Result "0-1"]
[Round "08"]
[TimeControl "180+2"]
[Date "2023.04.25"]
[WhiteClock "0:00:01"]
[BlackClock "0:00:05"]

1. c4 e6 2. d4 d5 3. Nc3 c6 4. e4 dxe4 5. Nxe4 Bb4+ 6. Bd2 Be7 7. Nf3 Nf6 8. Bd3 Nxe4 9. Bxe4 Nd7 10. Qc2 Nf6 11. Bd3 b6 12. O-O-O Qc7 13. Ne5 Bb7 14. Bf4 Nh5 15. Be3 f6 16. Nf3 O-O-O 17. Rhe1 Kb8 18. g3 c5 19. Be2 g6 20. Qc3 Ka8 21. dxc5 bxc5 22. Nd2 Ng7 23. Bf3 Nf5 24. Bxb7+ Qxb7 25. g4 Nd4 26. f4 h5 27. g5 fxg5 28. fxg5 Rhf8 29. Kb1 e5 30. a3 Rf5 31. h4 Rb8 32. Ka2 Bd8 33. Rb1 Qc6 34. Qd3 Nf3 35. Nxf3 e4 36. Ne5 Rxe5 37. Qc2 Re6 38. Rbd1 Bc7 39. Bd2 Be5 40. Bc3 Bg3 41. Re2 Bxh4 42. Rd5 Rbe8 43. Qd1 Bg3 44. Qg1 h4 45. Rxc5 Qb7 46. Rb5 Qc6 47. Qd4 Bc7 48. Rc5 Qb7 49. Qd5 Bb6 50. Rb5 Qxd5 51. cxd5 Rd6 52. Bb4 Rd7 53. d6 h3 54. a4 Bg1 55. Bc5 h2 56. Re1 h1=Q 57. Rxg1 Qh7 58. Rc1 Rc8 0-1


[Site "https://www.chess.com"]

[Event "Titled Tuesday Blitz April 25 Early 2023"]
[White "Prohaszka, Peter"]
[Black "Tari, Aryan"]
[WhiteFideId "726265"]
[BlackFideId "1510045"]
[WhiteElo "2626"]
[BlackElo "2561"]
[Result "0-1"]
[Round "08"]
[TimeControl "180+2"]
[Date "2023.04.25"]
[WhiteClock "0:00:02"]
[BlackClock "0:00:07"]

1. d4 d5 2. c3 h6 3. Bf4 Nf6 4. e3 Bf5 5. Qb3 Qc8 6. c4 e6 7. Nc3 c6 8. Rc1 a6 9. h3 Be7 10. g4 dxc4 11. Bxc4 Bh7 12. Bf1 Nbd7 13. Bg2 O-O 14. Nge2 b5 15. a3 c5 16. Qd1 c4 17. Ng3 Bd3 18. h4 Nd5 19. Nxd5 exd5 20. Bxd5 Nb6 21. Be4 Bxe4 22. Nxe4 Nd5 23. Qf3 f5 24. gxf5 Qxf5 25. Ng3 Qe6 26. O-O Bxh4 27. Ne2 Bg5 28. Kh1 Bxf4 29. Nxf4 Nxf4 30. exf4 Rad8 31. Rcd1 Qd5 32. Kg2 Rxf4 33. Qxd5+ Rxd5 34. Rfe1 Rfxd4 35. Rxd4 Rxd4 36. Re6 Rd2 37. Rxa6 Rxb2 38. Rc6 Rb3 39. Rc5 Rxa3 40. Rxb5 Rc3 41. Rc5 Rc1 42. Rc7 Kh7 43. Kg3 c3 44. Rc6 h5 45. Kg2 g6 46. Kh2 Kh6 47. Kg2 Kg5 48. Rc5+ Kf6 49. Rc6+ Kf5 50. Kf3 Ke5 51. Rxg6 Kd5 52. Rg8 Kd4 53. Rd8+ Kc4 54. Ke2 Rc2+ 55. Ke3 Rc1 56. Ke2 Rh1 57. Rb8 c2 58. Rc8+ Kb3 59. Kd2 Rd1+ 60. Ke2 c1=Q 61. Rxc1 Rxc1 62. Kf3 Rc2 63. Kg3 Kc4 64. f3 Kd5 65. f4 Ke4 66. Kh3 Kxf4 67. Kh4 Rh2# 0-1


[Site "https://www.chess.com"]

[Event "Titled Tuesday Blitz April 25 Early 2023"]
[White "Souleidis, Georgios"]
[Black "Quesada Perez, Yuniesky"]
[WhiteFideId "4206827"]
[BlackFideId "3504409"]
[WhiteElo "2401"]
[BlackElo "2585"]
[Result "0-1"]
[Round "08"]
[TimeControl "180+2"]
[Date "2023.04.25"]
[WhiteClock "0:00:01"]
[BlackClock "0:00:29"]

1. e4 d5 2. exd5 Qxd5 3. Nc3 Qa5 4. Bc4 Nf6 5. d3 Bg4 6. f3 Bd7 7. Ne2 e6 8. O-O c5 9. Bd2 Nc6 10. f4 Qc7 11. Ng3 g6 12. Qe1 Nd4 13. Bb3 Be7 14. Nce4 b5 15. c3 Nxb3 16. axb3 O-O 17. Qe2 Rad8 18. Nxf6+ Bxf6 19. Be3 Bc8 20. Qf2 Rxd3 21. Bxc5 Rfd8 22. Rxa7 Qc6 23. Be3 Bb7 24. Re1 Bh4 25. Raa1 Bf6 26. Nf1 h5 27. Re2 h4 28. h3 b4 29. Rc1 bxc3 30. bxc3 Rxc3 31. Rxc3 Qxc3 32. Rd2 Qxb3 33. Rxd8+ Bxd8 34. Nd2 Qd1+ 35. Kh2 Bf6 36. Nc4 Qd5 37. Nb6 Qc6 38. Qd2 Be7 39. Qf2 Bd8 40. Qb2 Bc7 41. Qf2 g5 42. Kg1 gxf4 43. Bd4 e5 44. Bc5 Qg6 45. Nc4 e4 46. Qxf4 Bxf4 0-1


[Site "https://www.chess.com"]

[Event "Titled Tuesday Blitz April 25 Early 2023"]
[White "Galchenko, Matvey"]
[Black "Borgaonkar Akshay"]
[WhiteFideId "24175480"]
[BlackFideId "25639110"]
[WhiteElo "2423"]
[BlackElo "2063"]
[Result "1-0"]
[Round "08"]
[TimeControl "180+2"]
[Date "2023.04.25"]
[WhiteClock "0:00:08"]
[BlackClock "0:00:07"]

1. f4 d5 2. Nf3 c5 3. g3 Nc6 4. Bg2 f6 5. O-O e5 6. d3 Bd6 7. Nc3 Nge7 8. e4 d4 9. Ne2 Be6 10. c3 O-O 11. f5 Bf7 12. g4 c4 13. cxd4 exd4 14. g5 cxd3 15. Qxd3 Ne5 16. Nxe5 Bxe5 17. gxf6 gxf6 18. Bh6 Re8 19. Nf4 Kh8 20. Kh1 Rg8 21. Qh3 Rc8 22. Nd3 Rc2 23. Nxe5 fxe5 24. Rg1 Nc6 25. Bf3 d3 26. Rxg8+ Bxg8 27. Qg3 Qd7 28. Rg1 Bxa2 29. Bg7+ Kg8 30. Bxe5+ Kf8 31. Bd6+ Ke8 32. Bh5+ Kd8 33. Qg8+ Bxg8 34. Rxg8+ Qe8 35. Bxe8 Ne7 36. Bxe7+ Kxe7 37. Ba4 Rxb2 38. Rg7+ Kf6 39. Rd7 d2 40. Bd1 Ke5 41. Kg2 a5 42. Kf3 b5 43. Rd5+ Kf6 44. Kf4 a4 45. e5+ Ke7 46. f6+ Ke6 47. Rd6+ Kf7 48. Bh5+ Kf8 49. Rd8# 1-0


[Site "https://www.chess.com"]

[Event "Titled Tuesday Blitz April 25 Early 2023"]
[White "Kim, Sergey"]
[Black "Kukhmazov, Arsen"]
[WhiteFideId "13700570"]
[BlackFideId "24108260"]
[WhiteElo "2651"]
[BlackElo "2396"]
[Result "1/2-1/2"]
[Round "08"]
[TimeControl "180+2"]
[Date "2023.04.25"]
[WhiteClock "0:00:29"]
[BlackClock "0:00:45"]

1. d4 d5 2. c4 c6 3. Nf3 Nf6 4. Qc2 g6 5. e3 Bg7 6. Bd3 O-O 7. O-O dxc4 8. Bxc4 Bf5 9. Qe2 b5 10. Bb3 Nbd7 11. Rd1 Qb6 12. Nc3 Ne4 13. Nh4 Nxc3 14. bxc3 Be4 15. Qg4 Nf6 16. Qe2 a5 17. Ba3 b4 18. cxb4 axb4 19. Bb2 c5 20. dxc5 Qxc5 21. Nf3 Qh5 22. Nd4 Qxe2 23. Nxe2 Rfd8 24. Rac1 Bd5 25. Bxf6 Bxb3 26. Rxd8+ Rxd8 27. Bxg7 Rd1+ 28. Rxd1 Bxd1 29. Bc3 Bxe2 30. Bxb4 e6 31. f3 f5 32. a4 Ba6 33. Kf2 Kf7 34. Kg3 e5 35. f4 Ke6 36. Bc3 exf4+ 37. Kxf4 h6 38. h4 Bf1 39. g3 Bc4 40. Bg7 h5 41. Kg5 Kf7 42. Bd4 Bb3 43. a5 Bc4 44. Bc3 Ba6 45. Kf4 Ke6 46. e4 fxe4 47. Kxe4 Bf1 48. Kd4 Kd6 49. Bb4+ Kc6 50. Ke5 Kb5 51. Bd2 Ka6 52. Kf6 Be2 53. Ke5 Bg4 54. Kf6 Kb7 55. Kxg6 Ka8 56. Kf6 Kb7 57. Ke5 Ka8 58. Kd6 Kb7 59. Kc5 Ka8 60. Kb6 Bf3 61. a6 Bg4 62. Bf4 Bf3 63. a7 Bg4 64. Be3 Bf3 65. Kc7 Bg4 66. Kd6 Bf3 67. Ke5 Bg4 1/2-1/2


[Site "https://www.chess.com"]

[Event "Titled Tuesday Blitz April 25 Early 2023"]
[White "Mekhitarian, Krikor Sevag"]
[Black "TartineDeNutella"]
[WhiteFideId "2107660"]
[WhiteElo "2604"]
[BlackElo "2632"]
[Result "1-0"]
[Round "08"]
[TimeControl "180+2"]
[Date "2023.04.25"]
[WhiteClock "0:02:19"]
[BlackClock "0:01:45"]

1. Nf3 e6 2. c4 Nf6 3. Nc3 Bb4 4. g4 b6 5. g5 Ng8 6. Qb3 Be7 7. h4 Bb7 8. d4 h6 9. Rg1 hxg5 10. hxg5 Bxf3 11. exf3 Nc6 12. Be3 Bb4 13. d5 exd5 14. cxd5 Bxc3+ 15. Qxc3 Nce7 16. Qxg7 Rh4 17. O-O-O c6 18. d6 1-0


[Site "https://www.chess.com"]

[Event "Titled Tuesday Blitz April 25 Early 2023"]
[White "Azarov, Sergei"]
[Black "Mamedov, Edgar"]
[WhiteFideId "13501470"]
[BlackFideId "13739980"]
[WhiteElo "2475"]
[BlackElo "2330"]
[Result "1-0"]
[Round "08"]
[TimeControl "180+2"]
[Date "2023.04.25"]
[WhiteClock "0:00:07"]
[BlackClock "0:00:01"]

1. e4 c5 2. Nf3 e6 3. d4 cxd4 4. Nxd4 Nf6 5. Nc3 Nc6 6. Nxc6 bxc6 7. Bd3 d5 8. O-O Be7 9. Qe2 O-O 10. b3 Nd7 11. Bb2 Nc5 12. Rad1 Nxd3 13. Qxd3 a5 14. Qg3 Bf6 15. Rfe1 a4 16. e5 Bh4 17. Qg4 axb3 18. axb3 Qg5 19. Qh3 Qh6 20. Na4 Be7 21. Qxh6 gxh6 22. Bd4 Ra5 23. Re3 h5 24. Rg3+ Kh8 25. Rc3 Bb7 26. Bc5 Bxc5 27. Nxc5 Ba8 28. b4 Ra2 29. f3 h4 30. Kf2 Rb2 31. Rd4 h3 32. gxh3 Rb8 33. Nd3 Rb1 34. Ra3 Rh1 35. Kg2 Rd1 36. Ra7 Rd2+ 37. Kg3 Rxc2 38. Rf4 Rg8+ 39. Kh4 Rc4 40. Rxf7 Rg6 41. Kh5 Rxf4 42. Nxf4 Rg8 43. Nxe6 c5 44. bxc5 Bc6 45. Re7 Be8+ 46. Kh4 Bg6 47. Nf4 d4 48. Nxg6+ Rxg6 49. Rd7 Rc6 50. Rxd4 Rxc5 51. f4 Kg7 52. Kg4 Rc2 53. Rd7+ Kh6 54. Rd6+ Kg7 55. Kf5 Rxh2 56. Rd7+ Kh6 57. Kf6 Rxh3 58. f5 Ra3 59. e6 Kh5 60. Kf7 Kg5 61. e7 1-0


[Site "https://www.chess.com"]

[Event "Titled Tuesday Blitz April 25 Early 2023"]
[White "Kosakowski, Jakub"]
[Black "Koellner, Ruben Gideon"]
[WhiteFideId "1185080"]
[BlackFideId "12993093"]
[WhiteElo "2488"]
[BlackElo "2314"]
[Result "0-1"]
[Round "08"]
[TimeControl "180+2"]
[Date "2023.04.25"]
[WhiteClock "0:00:02"]
[BlackClock "0:00:06"]

1. e4 d6 2. d4 Nf6 3. Nc3 e5 4. dxe5 dxe5 5. Qxd8+ Kxd8 6. Bc4 Be6 7. Bxe6 fxe6 8. f3 Bd6 9. Be3 Ke7 10. Nh3 a6 11. Nf2 Nbd7 12. O-O-O b5 13. Nb1 c5 14. Rd2 Rhc8 15. Rhd1 Rc6 16. Nc3 c4 17. Ne2 Bc5 18. Bxc5+ Nxc5 19. Ng3 b4 20. Ne2 a5 21. f4 exf4 22. Nxf4 c3 23. Rd4 cxb2+ 24. Kxb2 e5 25. Nd5+ Ke6 26. R4d2 Ncxe4 27. Nxe4 Nxe4 28. Re2 Nc3 29. Nxc3 bxc3+ 30. Ka3 Rb8 31. Rd3 Rb4 32. h3 h5 33. g3 e4 34. Rd8 Rd6 35. Re8+ Kf5 36. Rf2+ Kg6 37. Re5 Rd2 38. Re6+ Kh7 39. Rf5 Rxc2 40. Rxh5+ Kg8 41. Re8+ Kf7 42. Rhe5 Re2 43. R8e7+ Kg6 44. R5e6+ Kh7 45. Rc6 c2 46. Rcc7 Re3+ 0-1


[Site "https://www.chess.com"]

[Event "Titled Tuesday Blitz April 25 Early 2023"]
[White "Hamitevici, Vladimir"]
[Black "Kushko, Dmitriy"]
[WhiteFideId "13902393"]
[BlackFideId "14162261"]
[WhiteElo "2401"]
[BlackElo "2230"]
[Result "0-1"]
[Round "08"]
[TimeControl "180+2"]
[Date "2023.04.25"]
[WhiteClock "0:00:01"]
[BlackClock "0:00:07"]

1. d4 g6 2. Bf4 Bg7 3. e3 d6 4. Nf3 Nd7 5. c4 e5 6. Bg5 f6 7. Bh4 Ne7 8. Bd3 O-O 9. Nc3 h6 10. Qc2 g5 11. Bg3 f5 12. O-O-O e4 13. Nxe4 fxe4 14. Bxe4 Nf6 15. Bd3 Nh5 16. Kb1 Kh8 17. e4 Nc6 18. e5 Nb4 19. Qb3 Nxd3 20. Rxd3 Bf5 21. Ka1 Bxd3 22. Qxd3 dxe5 23. Nxe5 Nf4 24. Bxf4 Rxf4 25. Ng6+ Kg8 26. Nxf4 gxf4 27. Rd1 Qf6 28. Qf3 c6 29. Rd2 Rd8 30. d5 cxd5 31. cxd5 Rd6 32. a3 Rb6 33. Qe2 Qe5 34. Qxe5 Bxe5 35. g3 Kf7 36. Ka2 fxg3 37. hxg3 Ke7 38. f4 Bg7 39. b4 Rf6 40. Kb3 Kd7 41. Kc4 Rf8 42. Rd3 Rc8+ 43. Kb3 Re8 44. Kc4 Re1 45. Kb3 Kd6 46. g4 Rg1 47. g5 hxg5 48. fxg5 Rxg5 49. Kc4 Rg4+ 50. Kb5 Be5 51. a4 Rd4 52. Rxd4 Bxd4 53. Kc4 Bf2 54. a5 Bg1 55. b5 Bf2 56. a6 b6 0-1


[Site "https://www.chess.com"]

[Event "Titled Tuesday Blitz April 25 Early 2023"]
[White "Schnaider, Ilan"]
[Black "Shomoev, Anton"]
[WhiteFideId "169013"]
[BlackFideId "4135148"]
[WhiteElo "2224"]
[BlackElo "2451"]
[Result "0-1"]
[Round "08"]
[TimeControl "180+2"]
[Date "2023.04.25"]
[WhiteClock "0:00:01"]
[BlackClock "0:00:08"]

1. e4 c5 2. Nf3 d6 3. d4 cxd4 4. Nxd4 Nf6 5. Nc3 a6 6. Be3 e5 7. Nb3 Be6 8. h3 h5 9. Qd2 Nbd7 10. O-O-O b5 11. f4 b4 12. Nd5 Nxe4 13. Qxb4 Ng3 14. Rg1 a5 15. Qa4 g6 16. Bb6 Qb8 17. Nc7+ Ke7 18. Nxa8 Nxb6 19. Nxb6 Qxb6 20. fxe5 Bh6+ 21. Kb1 Qxg1 22. Qh4+ Kf8 23. Qxg3 dxe5 24. Qxe5 Bg7 25. Rd8+ Ke7 26. Qc7+ Kf6 27. Qf4+ Ke7 28. Qc7+ Kf6 29. Qf4+ Bf5 30. Qd6+ Kg5 31. Qd2+ Kh4 32. Qf4+ Bg4 33. Rd3 Be5 34. g3+ Qxg3 35. Qxg3+ Bxg3 36. hxg4 hxg4 37. Nd4 f5 38. b3 Be5 39. Nc6 Bf6 40. a3 Kg5 41. Nd4 Rh1 42. Ne6+ Kh4 43. Rd1 Bc3 44. Nf4 g5 45. Ng2+ Kg3 46. Rd3+ Kf2 47. Ne3 Be5 48. Ka2 g3 49. Nxf5 Rxf1 50. Rd5 Bf4 51. Nd4 g2 0-1


[Site "https://www.chess.com"]

[Event "Titled Tuesday Blitz April 25 Early 2023"]
[White "Skliarov, Viktor"]
[Black "Bryakin, Mikhail"]
[WhiteFideId "14106736"]
[BlackFideId "4165314"]
[WhiteElo "2317"]
[BlackElo "2447"]
[Result "1/2-1/2"]
[Round "08"]
[TimeControl "180+2"]
[Date "2023.04.25"]
[WhiteClock "0:02:17"]
[BlackClock "0:01:52"]

1. e4 Nf6 2. Nc3 d6 3. d4 g6 4. f3 Bg7 5. Be3 Nbd7 6. Qd2 e5 7. Nge2 c6 8. g4 Qe7 9. O-O-O b6 10. d5 c5 11. Ng3 h5 12. gxh5 Nxh5 13. Nxh5 Rxh5 14. Ne2 Rh8 15. Ng3 Qh4 1/2-1/2


[Site "https://www.chess.com"]

[Event "Titled Tuesday Blitz April 25 Early 2023"]
[White "Vestby-Ellingsen, Mads"]
[Black "Aradhya, Garg"]
[WhiteFideId "1520857"]
[BlackFideId "25006746"]
[WhiteElo "2246"]
[BlackElo "2263"]
[Result "0-1"]
[Round "08"]
[TimeControl "180+2"]
[Date "2023.04.25"]
[WhiteClock "0:00:02"]
[BlackClock "0:00:09"]

1. e4 e5 2. Nf3 Nc6 3. Bb5 a6 4. Bxc6 dxc6 5. Nc3 f6 6. d4 exd4 7. Nxd4 c5 8. Nde2 Qxd1+ 9. Nxd1 Be6 10. Bf4 O-O-O 11. Ne3 Ne7 12. O-O h5 13. h4 Ng6 14. Bg3 Bd6 15. Rad1 Bxg3 16. fxg3 Rde8 17. a3 Bd7 18. Nc3 Bc6 19. Nf5 Rh7 20. Rfe1 Ne5 21. Nd5 Bxd5 22. Rxd5 b6 23. Kf2 Ng4+ 24. Kf3 g6 25. Ne3 Ne5+ 26. Kf2 Rhe7 27. Rd2 Re6 28. a4 a5 29. b3 Nf7 30. Nd5 Nd6 31. Rde2 Nxe4+ 32. Kg1 f5 33. Nf4 Rd6 34. Kh2 Red8 35. Nd3 Rd4 36. Ne5 R8d6 37. Nf7 Rf6 38. Ne5 Nc3 39. Rf2 Re6 40. Nd3 Ree4 41. Ref1 Re3 42. Nf4 Ne4 43. Rf3 Rxf3 44. Rxf3 Rd6 45. Re3 Kb7 46. Nd3 Nf6 47. Kg1 Ng4 48. Re7 Rc6 49. Kf1 c4 50. Nf4 cxb3 51. cxb3 Rc3 52. Nd5 Rc5 0-1


[Site "https://www.chess.com"]

[Event "Titled Tuesday Blitz April 25 Early 2023"]
[White "Dixit, Nikhil"]
[Black "Pakleza, Zbigniew"]
[WhiteFideId "5059534"]
[BlackFideId "1119290"]
[WhiteElo "2207"]
[BlackElo "2410"]
[Result "0-1"]
[Round "08"]
[TimeControl "180+2"]
[Date "2023.04.25"]
[WhiteClock "0:01:10"]
[BlackClock "0:01:55"]

1. e4 d6 2. d4 Nf6 3. Nc3 c6 4. Be3 Qb6 5. Qd2 Qxb2 6. Rb1 Qa3 7. Bc4 e6 8. Nge2 d5 9. exd5 exd5 10. Bd3 Be7 11. O-O O-O 12. Bf4 Qa5 13. Qe3 Re8 14. Be5 Nbd7 15. f4 Bf8 16. Qg3 b5 0-1


[Site "https://www.chess.com"]

[Event "Titled Tuesday Blitz April 25 Early 2023"]
[White "Halkias, Stelios"]
[Black "Sharapov, Evgeny"]
[WhiteFideId "4201809"]
[BlackFideId "14103133"]
[WhiteElo "2451"]
[BlackElo "2367"]
[Result "1/2-1/2"]
[Round "08"]
[TimeControl "180+2"]
[Date "2023.04.25"]
[WhiteClock "0:00:56"]
[BlackClock "0:01:10"]

1. Nf3 c5 2. c4 Nc6 3. Nc3 e5 4. e3 Nf6 5. Be2 d5 6. cxd5 Nxd5 7. O-O Nxc3 8. dxc3 Qxd1 9. Rxd1 f6 10. e4 Be6 11. Be3 a6 12. Nd2 O-O-O 13. Nc4 Rxd1+ 14. Rxd1 Kc7 15. a4 Be7 16. h3 Rd8 17. Rxd8 Nxd8 18. Kf1 Nc6 19. Ke1 b5 20. axb5 axb5 21. Na3 b4 22. Nc4 bxc3 23. bxc3 Nb8 24. Bd2 Nd7 25. Ne3 Nb6 26. c4 g6 27. Ba5 Kb7 28. Nd5 Nxd5 29. cxd5 Bd7 30. Kd2 f5 31. f3 f4 32. Kc3 g5 33. Kb3 h5 34. Bc3 Bd6 35. Bb2 Kb6 36. Bc3 Be8 37. Bd2 Bg6 38. Bd3 Be8 39. Bc4 Bg6 40. Bd3 Be8 41. Bc4 Bg6 42. Bd3 1/2-1/2


[Site "https://www.chess.com"]

[Event "Titled Tuesday Blitz April 25 Early 2023"]
[White "Bartel, Michal"]
[Black "Kollars, Dmitrij"]
[WhiteFideId "1119257"]
[BlackFideId "12909572"]
[WhiteElo "2282"]
[BlackElo "2584"]
[Result "0-1"]
[Round "08"]
[TimeControl "180+2"]
[Date "2023.04.25"]
[WhiteClock "0:02:22"]
[BlackClock "0:02:42"]

1. e4 e5 2. Nc3 Nf6 3. g3 Bc5 4. Bg2 a5 5. Nge2 d6 6. O-O h5 7. h3 h4 8. g4 Nbd7 9. d4 exd4 10. Nxd4 Ne5 11. Re1 Nfxg4 12. hxg4 Bxg4 13. Qd2 h3 14. Bh1 h2+ 15. Kf1 Bxd4 16. Qxd4 Bf3 17. Bf4 Bxh1 18. Bxe5 Bf3 0-1


[Site "https://www.chess.com"]

[Event "Titled Tuesday Blitz April 25 Early 2023"]
[White "Molina, Roberto Junio Brito"]
[Black "Martic, Ivan"]
[WhiteFideId "2109450"]
[BlackFideId "929301"]
[WhiteElo "2376"]
[BlackElo "2360"]
[Result "1-0"]
[Round "08"]
[TimeControl "180+2"]
[Date "2023.04.25"]
[WhiteClock "0:00:16"]
[BlackClock "0:00:45"]

1. d4 Nf6 2. c4 g6 3. Nc3 Bg7 4. e4 d6 5. Be2 O-O 6. Be3 e5 7. d5 Na6 8. g4 Nc5 9. f3 h5 10. g5 Nh7 11. h4 f6 12. Qd2 fxg5 13. hxg5 a5 14. O-O-O Rf4 15. Bxf4 exf4 16. Qxf4 Nxg5 17. Qe3 Qe7 18. Bd3 a4 19. Nge2 a3 20. b3 Bd7 21. Bc2 Re8 22. Rdg1 Bh6 23. f4 Ngxe4 24. Rxg6+ Kh7 25. Rxh6+ Kxh6 26. Nxe4 Nxe4 27. Bxe4 Qxe4 28. Rxh5+ Kg7 29. Qxe4 Rxe4 30. Rg5+ Kf7 31. Kd2 c6 32. dxc6 Bxc6 33. Ra5 Re8 34. Rxa3 Rh8 35. Nd4 Rh2+ 36. Kc3 Be4 37. Ra7 Kf6 38. Nb5 Ke6 39. Ra8 Rf2 40. Re8+ 1-0


[Site "https://www.chess.com"]